TOP OF THE 1ST |
Arizona State Sun Devils batting - Pitching for South Carolina Gamecocks : RHP Lou Ferrell
|
Pitching: RHP Lou Ferrell
|
|
Batting: LHB José Serrano
|
0-0: Foul Ball, location: 2F 0-1: Ball 1-1: SINGLE (Groundball, 34D)
|
Batting: RHB Cristo Avalos
|
0-0: Called Strike 0-1: Called Strike 0-2: Ball 1-2: Ball 2-2: Ball 3-2: Foul Ball, location: 2F 3-2: Grounds into double play, 6-4-3 (Groundball, 56)
|
Batting: RHB Gil Gardner
|
0-0: Ground out 5-3 (Groundball, 56)
|
Top of the 1st over - 0 runs, 1 hit, 0 errors, 0 left on base; Arizona State 0 - South Carolina 0 |
BOTTOM OF THE 1ST |
South Carolina Gamecocks batting - Pitching for Arizona State Sun Devils : RHP Art Hill
|
Pitching: RHP Art Hill
|
|
Batting: LHB Ed Nelson
|
0-0: Ball 1-0: Ball 2-0: Ball 3-0: Called Strike 3-1: SINGLE (Flyball, 8RS)
|
Batting: RHB Gerardo Gallegos
|
0-0: Foul Ball, location: 2F 0-1: SINGLE (Groundball, 5D) Ed Nelson to second
|
Batting: RHB Brandon Smith
|
0-0: Fly out, F9 (Flyball, 89S)
|
Batting: SHB Eric Silva
|
0-0: Ball 1-0: Swinging Strike 1-1: Called Strike 1-2: Strikes out swinging
|
Batting: LHB Eric Martin
|
0-0: Ball 1-0: Foul Ball, location: 2F 1-1: Ball 2-1: Ball 3-1: Base on Balls Ed Nelson to third Gerardo Gallegos to second
|
Batting: RHB Mike Connor
|
0-0: Called Strike 0-1: Ball 1-1: Ball 2-1: Foul Ball, location: 2F 2-2: Foul Ball, location: 2F 2-2: SINGLE (Groundball, 6M) (infield hit) Ed Nelson scores Gerardo Gallegos to third Eric Martin to second
|
Batting: RHB John Lindsey
|
0-0: Ball 1-0: SINGLE (Groundball, 2R) (infield hit) Gerardo Gallegos scores Eric Martin to third Mike Connor to second
|
Batting: LHB Jorge Merced
|
0-0: Ball 1-0: Ball 2-0: Ball 3-0: Called Strike 3-1: Called Strike 3-2: Foul Ball, location: 2F 3-2: Base on Balls Eric Martin scores Mike Connor to third John Lindsey to second
|
Batting: RHB Garrett Nelson
|
0-0: Ground out 4-3 (Groundball, 4)
|
Bottom of the 1st over - 3 runs, 4 hits, 0 errors, 3 left on base; Arizona State 0 - South Carolina 3 |
TOP OF THE 2ND |
Arizona State Sun Devils batting - Pitching for South Carolina Gamecocks : RHP Lou Ferrell
|
Batting: RHB Arturo Ruíz
|
0-0: Ball 1-0: Called Strike 1-1: Ball 2-1: Foul Ball, location: 2F 2-2: Fly out, F5 (Popup, 56S)
|
Batting: RHB Dan Utermarck
|
0-0: Foul Ball, location: 2F 0-1: SOLO HOME RUN (Flyball, 7D), Distance : 363 ft
|
Batting: LHB Lou Townsend
|
0-0: Called Strike 0-1: Ball 1-1: Foul Ball, location: 2F 1-2: DOUBLE (Line Drive, 7LM)
|
Batting: LHB Leonardo Ríos
|
0-0: Fly out, F6 (Line Drive, 6)
|
Batting: LHB Christian Lindsey
|
0-0: Ball 1-0: Ground out 6-3 (Groundball, 6)
|
Top of the 2nd over - 1 run, 2 hits, 0 errors, 1 left on base; Arizona State 1 - South Carolina 3 |
BOTTOM OF THE 2ND |
South Carolina Gamecocks batting - Pitching for Arizona State Sun Devils : RHP Art Hill
|
Batting: LHB Ed Nelson
|
0-0: Called Strike 0-1: Called Strike 0-2: Fly out, F8 (Flyball, 8LD)
|
Batting: RHB Gerardo Gallegos
|
0-0: Fly out, F9 (Flyball, 9)
|
Batting: RHB Brandon Smith
|
0-0: SINGLE (Line Drive, 56D)
|
Batting: SHB Eric Silva
|
0-0: SINGLE (Groundball, 56D) Brandon Smith to second
|
Batting: LHB Eric Martin
|
0-0: Ball 1-0: Foul Ball, location: 2F 1-1: Called Strike 1-2: Ball 2-2: Ball 3-2: Reached on error, E5 (Groundball, 5) Brandon Smith to third Eric Silva to second
|
Batting: RHB Mike Connor
|
0-0: Ball 1-0: Fly out, F9 (Flyball, 9LSF)
|
Bottom of the 2nd over - 0 runs, 2 hits, 1 error, 3 left on base; Arizona State 1 - South Carolina 3 |
TOP OF THE 3RD |
Arizona State Sun Devils batting - Pitching for South Carolina Gamecocks : RHP Lou Ferrell
|
Batting: RHB Michael Irvin
|
0-0: Foul Ball, location: 2F 0-1: Ball 1-1: Ball 2-1: Foul Ball, location: 2F 2-2: Foul Ball, location: 2F 2-2: Strikes out looking
|
Batting: LHB José Serrano
|
0-0: Ball 1-0: Foul Ball, location: 2F 1-1: Called Strike 1-2: Foul Ball, location: 2F 1-2: Ball 2-2: Strikes out looking
|
Batting: RHB Cristo Avalos
|
0-0: Called Strike 0-1: Ball 1-1: Ball 2-1: SINGLE (Line Drive, 34S)
|
Batting: RHB Gil Gardner
|
0-0: Foul Ball, location: 2F 0-1: Swinging Strike Passed Ball! Cristo Avalos to second 0-2: Ball 1-2: SINGLE (Line Drive, 7S) Cristo Avalos to third Runner from 3rd tries for Home, SAFE, no throw
|
Batting: RHB Arturo Ruíz
|
0-0: Ball 1-0: Ball 2-0: Ball 3-0: Base on Balls Gil Gardner to second
|
Batting: RHB Dan Utermarck
|
0-0: Foul Ball, location: 2F 0-1: Ball 1-1: 3-RUN HOME RUN (Flyball, 7D), Distance : 350 ft
|
Batting: LHB Lou Townsend
|
0-0: Ball 1-0: Ball 2-0: Ball 3-0: Base on Balls
|
Pitching: RHP Keith Thomas
|
|
Batting: LHB Leonardo Ríos
|
0-0: Ball Lou Townsend steals 2nd base 1-0: Ball 2-0: Swinging Strike 2-1: Ball 3-1: Base on Balls
|
Batting: LHB Christian Lindsey
|
0-0: Called Strike 0-1: Ball 1-1: Foul Ball, location: 2F 1-2: Foul Ball, location: 2F 1-2: Fly out, F9 (Flyball, 9S)
|
Top of the 3rd over - 4 runs, 3 hits, 0 errors, 2 left on base; Arizona State 5 - South Carolina 3 |
BOTTOM OF THE 3RD |
South Carolina Gamecocks batting - Pitching for Arizona State Sun Devils : RHP Art Hill
|
Batting: RHB John Lindsey
|
0-0: Ball 1-0: Fly out, F9 (Flyball, 89XD)
|
Batting: LHB Jorge Merced
|
0-0: Called Strike 0-1: Ball 1-1: Ball 2-1: Fly out, F8 (Flyball, 89D)
|
Batting: RHB Garrett Nelson
|
0-0: Called Strike 0-1: Ball 1-1: Swinging Strike 1-2: Ball 2-2: Strikes out swinging
|
Bottom of the 3rd over - 0 runs, 0 hits, 0 errors, 0 left on base; Arizona State 5 - South Carolina 3 |
TOP OF THE 4TH |
Arizona State Sun Devils batting - Pitching for South Carolina Gamecocks : RHP Keith Thomas
|
Batting: RHB Michael Irvin
|
0-0: Ball 1-0: SINGLE (Groundball, 34D)
|
Batting: LHB José Serrano
|
0-0: Ball 1-0: Ball 2-0: Ball 3-0: Swinging Strike 3-1: Called Strike 3-2: Strikes out swinging
|
Batting: RHB Cristo Avalos
|
0-0: Ball 1-0: Ball 2-0: Called Strike Throwing error on steal attempt, E2 Michael Irvin to third 2-1: Swinging Strike 2-2: Ball Wild Pitch! Michael Irvin scores 3-2: Base on Balls
|
Pitching: RHP Rob Valle
|
|
Batting: RHB Gil Gardner
|
0-0: Swinging Strike 0-1: Ball 1-1: 2-RUN HOME RUN (Flyball, 7LD), Distance : 317 ft
|
Batting: RHB Arturo Ruíz
|
0-0: Ball 1-0: Ball 2-0: Ball 3-0: Base on Balls
|
Batting: RHB Dan Utermarck
|
0-0: Ball 1-0: Ball 2-0: Ball 3-0: Base on Balls Arturo Ruíz to second
|
Batting: LHB Lou Townsend
|
0-0: Fly out, F8 (Flyball, 8RXD) Runner from 2nd tags up, SAFE at 3rd, no throw
|
Batting: LHB Leonardo Ríos
|
0-0: Ball 1-0: Ball Wild Pitch! Arturo Ruíz scores Dan Utermarck to second 2-0: Called Strike 2-1: Foul Ball, location: 2F 2-2: Strikes out looking
|
Top of the 4th over - 4 runs, 2 hits, 1 error, 1 left on base; Arizona State 9 - South Carolina 3 |
BOTTOM OF THE 4TH |
South Carolina Gamecocks batting - Pitching for Arizona State Sun Devils : RHP Art Hill
|
Batting: LHB Ed Nelson
|
0-0: Called Strike 0-1: Ball 1-1: Called Strike 1-2: Ball 2-2: Ball 3-2: Foul Ball, location: 2F 3-2: Strikes out swinging
|
Batting: RHB Gerardo Gallegos
|
0-0: Called Strike 0-1: Ball 1-1: Fly out, F3 (Popup, 23F)
|
Batting: RHB Brandon Smith
|
0-0: Called Strike 0-1: SINGLE (Line Drive, 4M)
|
Batting: SHB Eric Silva
|
0-0: Foul Ball, location: 2F 0-1: Called Strike 0-2: Ball 1-2: Strikes out swinging
|
Bottom of the 4th over - 0 runs, 1 hit, 0 errors, 1 left on base; Arizona State 9 - South Carolina 3 |
TOP OF THE 5TH |
Arizona State Sun Devils batting - Pitching for South Carolina Gamecocks : RHP Rob Valle
|
Batting: LHB Christian Lindsey
|
0-0: Called Strike 0-1: Called Strike 0-2: Ball 1-2: Strikes out swinging
|
Batting: RHB Michael Irvin
|
0-0: Ball 1-0: Ball 2-0: Ball 3-0: Base on Balls
|
Batting: LHB José Serrano
|
0-0: Ball Michael Irvin steals 2nd base 1-0: Swinging Strike 1-1: Called Strike 1-2: Strikes out swinging
|
Batting: RHB Cristo Avalos
|
0-0: Ball 1-0: Ball 2-0: Swinging Strike 2-1: Called Strike 2-2: 2-RUN HOME RUN (Flyball, 7D), Distance : 346 ft
|
Batting: RHB Gil Gardner
|
0-0: Swinging Strike 0-1: Swinging Strike 0-2: Ball 1-2: Fly out, F9 (Flyball, 9D)
|
Top of the 5th over - 2 runs, 1 hit, 0 errors, 0 left on base; Arizona State 11 - South Carolina 3 |
BOTTOM OF THE 5TH |
South Carolina Gamecocks batting - Pitching for Arizona State Sun Devils : RHP Art Hill
|
Batting: LHB Eric Martin
|
0-0: Ball 1-0: Fly out, F9 (Flyball, 89D)
|
Batting: RHB Mike Connor
|
0-0: Ball 1-0: Foul Ball, location: 2F 1-1: Ball 2-1: Foul Ball, location: 2F 2-2: Ball 3-2: Fly out, F5 (Line Drive, 56)
|
Batting: RHB John Lindsey
|
0-0: Ball 1-0: Called Strike 1-1: Fly out, F6 (Popup, P)
|
Bottom of the 5th over - 0 runs, 0 hits, 0 errors, 0 left on base; Arizona State 11 - South Carolina 3 |
TOP OF THE 6TH |
Arizona State Sun Devils batting - Pitching for South Carolina Gamecocks : RHP Rob Valle
|
Batting: RHB Arturo Ruíz
|
0-0: Ball 1-0: Ball 2-0: Ball 3-0: Base on Balls
|
Batting: RHB Dan Utermarck
|
0-0: Ball 1-0: Ball 2-0: Ball 3-0: Base on Balls Arturo Ruíz to second
|
Batting: LHB Lou Townsend
|
0-0: Ball 1-0: Ball 2-0: Called Strike 2-1: SINGLE (Flyball, 89S) Arturo Ruíz to third Dan Utermarck to second Runner from 3rd tries for Home, SAFE, no throw
|
Batting: LHB Leonardo Ríos
|
0-0: Called Strike Dan Utermarck steals 3rd base Lou Townsend to second 0-1: Foul Ball, location: 2F 0-2: Ground out 2-3 (Groundball, 2R)
|
Batting: LHB Christian Lindsey
|
0-0: Called Strike 0-1: Ground out 4-3 (Groundball, 34D) Dan Utermarck scores Lou Townsend to third
|
Batting: RHB Michael Irvin
|
0-0: Called Strike 0-1: Ball 1-1: Foul Ball, location: 2F 1-2: Foul Ball, location: 2F 1-2: Foul Ball, location: 2F 1-2: Ball 2-2: Ball 3-2: SINGLE (Groundball, 4MD) Lou Townsend scores
|
Batting: LHB José Serrano
|
0-0: Ball 1-0: Ball Michael Irvin steals 2nd base 2-0: Called Strike 2-1: DOUBLE (Groundball, 3L) Michael Irvin scores
|
Batting: RHB Cristo Avalos
|
0-0: Ball 1-0: Called Strike 1-1: Ball 2-1: Foul Ball, location: 2F 2-2: Fly out, F5 (Line Drive, 56)
|
Top of the 6th over - 4 runs, 3 hits, 0 errors, 1 left on base; Arizona State 15 - South Carolina 3 |
BOTTOM OF THE 6TH |
South Carolina Gamecocks batting - Pitching for Arizona State Sun Devils : RHP Art Hill
|
Pitching: LHP Bobby Briggs
|
|
Batting: LHB Jorge Merced
|
0-0: Ball 1-0: Ball 2-0: Called Strike 2-1: Foul Ball, location: 2F 2-2: Strikes out looking
|
Batting: RHB Garrett Nelson
|
0-0: Called Strike 0-1: Swinging Strike 0-2: Foul Ball, location: 2F 0-2: Strikes out looking
|
Batting: LHB Ed Nelson
|
0-0: Ball 1-0: Ground out 5-3 (Groundball, 56)
|
Bottom of the 6th over - 0 runs, 0 hits, 0 errors, 0 left on base; Arizona State 15 - South Carolina 3 |
TOP OF THE 7TH |
Arizona State Sun Devils batting - Pitching for South Carolina Gamecocks : RHP Rob Valle
|
Pitching: RHP Ernesto Hernández
|
|
Batting: RHB Gil Gardner
|
0-0: Ball 1-0: Ball 2-0: Ball 3-0: Base on Balls
|
Batting: RHB Arturo Ruíz
|
0-0: Foul Ball, location: 2F 0-1: Ball 1-1: DOUBLE (Line Drive, 7LM) Gil Gardner to third
|
Batting: RHB Dan Utermarck
|
0-0: Ball 1-0: Foul Ball, location: 2F 1-1: Fly out, F6 (Popup, 6S)
|
Batting: LHB Lou Townsend
|
0-0: Called Strike 0-1: Called Strike 0-2: Strikes out swinging
|
Batting: LHB Leonardo Ríos
|
0-0: Ball 1-0: Foul Ball, location: 2F 1-1: Fly out, F7 (Flyball, 7S)
|
Top of the 7th over - 0 runs, 1 hit, 0 errors, 2 left on base; Arizona State 15 - South Carolina 3 |
BOTTOM OF THE 7TH |
South Carolina Gamecocks batting - Pitching for Arizona State Sun Devils : LHP Bobby Briggs
|
Batting: RHB Gerardo Gallegos
|
0-0: Fly out, F7 (Flyball, 7LM)
|
Batting: RHB Brandon Smith
|
0-0: Called Strike 0-1: Called Strike 0-2: Ball 1-2: Ball 2-2: Ball 3-2: Foul Ball, location: 2F 3-2: Base on Balls
|
Batting: SHB Eric Silva
|
0-0: Called Strike 0-1: Ball 1-1: Ball 2-1: Ball 3-1: SINGLE (Line Drive, 78M) Brandon Smith to second
|
Batting: LHB Eric Martin
|
0-0: Ball 1-0: Called Strike 1-1: Ball 2-1: Ball 3-1: Base on Balls Brandon Smith to third Eric Silva to second
|
Batting: RHB Mike Connor
|
0-0: Foul Ball, location: 2F 0-1: Ball 1-1: Reached on error, E9 (Flyball, 9LM) Brandon Smith scores Eric Silva to third Eric Martin to second
|
Batting: RHB John Lindsey
|
0-0: Called Strike 0-1: SINGLE (Groundball, 34S) (infield hit) Eric Silva scores Eric Martin to third Mike Connor to second
|
Batting: LHB Jorge Merced
|
0-0: Called Strike 0-1: Swinging Strike 0-2: Foul Ball, location: 2F 0-2: Ball 1-2: Ball 2-2: Strikes out swinging
|
Batting: RHB Garrett Nelson
|
0-0: SINGLE (Groundball, 34D) Eric Martin scores Mike Connor to third John Lindsey to second Runner from 3rd tries for Home, throw and OUT!
|
Bottom of the 7th over - 3 runs, 3 hits, 1 error, 2 left on base; Arizona State 15 - South Carolina 6 |
TOP OF THE 8TH |
Arizona State Sun Devils batting - Pitching for South Carolina Gamecocks : RHP Ernesto Hernández
|
Batting: LHB Christian Lindsey
|
0-0: Reached on error, E8 (Line Drive, 8RM)
|
Batting: RHB Michael Irvin
|
0-0: Called Strike 0-1: Ball 1-1: Ball 2-1: Foul Ball, location: 2F 2-2: 2-RUN HOME RUN (Flyball, 7LD), Distance : 338 ft
|
Batting: LHB José Serrano
|
0-0: Ground out 4-3 (Groundball, 4)
|
Batting: RHB Cristo Avalos
|
0-0: Ground out 5-3 (Groundball, 56)
|
Batting: RHB Gil Gardner
|
0-0: Fly out, F4 (Line Drive, 4)
|
Top of the 8th over - 2 runs, 1 hit, 1 error, 0 left on base; Arizona State 17 - South Carolina 6 |
BOTTOM OF THE 8TH |
South Carolina Gamecocks batting - Pitching for Arizona State Sun Devils : LHP Bobby Briggs
|
Batting: LHB Ed Nelson
|
0-0: Ball 1-0: Ball 2-0: Called Strike 2-1: Ground out 6-3 (Groundball, 6)
|
Batting: RHB Gerardo Gallegos
|
0-0: Called Strike 0-1: SINGLE (Line Drive, 78S)
|
Batting: RHB Brandon Smith
|
0-0: Ball 1-0: Ball 2-0: Foul Ball, location: 2F 2-1: Ball 3-1: Base on Balls Gerardo Gallegos to second
|
Batting: SHB Eric Silva
|
0-0: Ball 1-0: Ball 2-0: Ball 3-0: Base on Balls Gerardo Gallegos to third Brandon Smith to second
|
Pinch Hitting: RHB Michael Walker
|
0-0: Fly out, F3 (Line Drive, 34S) Lined into DP, U3 (Line Drive, 34S)
|
Bottom of the 8th over - 0 runs, 1 hit, 0 errors, 2 left on base; Arizona State 17 - South Carolina 6 |
TOP OF THE 9TH |
Arizona State Sun Devils batting - Pitching for South Carolina Gamecocks : RHP Ernesto Hernández
|
Now at 1B: Michael Walker
|
|
Batting: RHB Arturo Ruíz
|
0-0: Swinging Strike 0-1: Ball 1-1: Swinging Strike 1-2: Ball 2-2: Ball 3-2: Strikes out swinging
|
Batting: RHB Dan Utermarck
|
0-0: Ball 1-0: Ball 2-0: Ball 3-0: Base on Balls
|
Batting: LHB Lou Townsend
|
0-0: Hit by Pitch Dan Utermarck to second
|
Batting: LHB Leonardo Ríos
|
0-0: Ball Dan Utermarck steals 3rd base 1-0: Swinging Strike Passed Ball! Dan Utermarck scores Lou Townsend to second 1-1: Fly out, F3 (Flyball, 34D)
|
Batting: LHB Christian Lindsey
|
0-0: Ball 1-0: Ball 2-0: Called Strike 2-1: Fly out, F6 (Popup, 6)
|
Top of the 9th over - 1 run, 0 hits, 0 errors, 1 left on base; Arizona State 18 - South Carolina 6 |
BOTTOM OF THE 9TH |
South Carolina Gamecocks batting - Pitching for Arizona State Sun Devils : LHP Bobby Briggs
|
Batting: RHB Mike Connor
|
0-0: Ball 1-0: Swinging Strike 1-1: Ground out 6-3 (Groundball, 6)
|
Batting: RHB John Lindsey
|
0-0: Called Strike 0-1: Ball 1-1: Swinging Strike 1-2: Ball 2-2: SINGLE (Line Drive, 3)
|
Pitching: LHP Martin Goodwyn
|
|
Batting: LHB Jorge Merced
|
0-0: Ball 1-0: Called Strike 1-1: Foul Ball, location: 2F 1-2: Strikes out looking
|
Batting: RHB Garrett Nelson
|
0-0: Swinging Strike 0-1: Foul Ball, location: 2F 0-2: Strikes out looking
|
Bottom of the 9th over - 0 runs, 1 hit, 0 errors, 1 left on base; Arizona State 18 - South Carolina 6 |
|